 Dungeon Crawl Stone Soup version 0.31-a0-473-g61b50ae490 (webtiles) character file.

Game seed: 518775697505428493

456 pokeman the Magician (level 6, -4/34 HPs)
             Began as a Deep Elf Hedge Wizard on Aug 6, 2023.
             Slain by a phantom (7 damage)
             ... on level 4 of the Dungeon.
             The game lasted 00:05:43 (4564 turns).

pokeman the Magician (Deep Elf Hedge Wizard)        Turns: 4564, Time: 00:05:44

Health: -4/34      AC:  2    Str:  7    XL:     6   Next: 77%
Magic:  2/18       EV: 13    Int: 21    God:
Gold:   98         SH:  0    Dex: 14    Spells: 2/19 levels left

rFire   . . .        o - +1 dagger (venom)
rCold   . . .        (no shield)
rNeg    . . .        b - +0 robe
rPois   .            c - +0 hat
rElec   .            (no cloak)
rCorr   .            (no gloves)
SInv    .            (no boots)
Will    .....        (no amulet)
Stlth   +            (no ring)
HPRegen 0.25/turn    (no ring)
MPRegen 0.16/turn

%: no passive effects
@: confused
A: no striking features
a: no special abilities


You were on level 4 of the Dungeon.
You visited 1 branch of the dungeon, and saw 4 of its levels.

You collected 98 gold pieces.

Inventory:

Hand Weapons
 o - a +1 dagger of venom (weapon)
Armour
 b - a +0 robe (worn)
 c - a +0 hat (worn)
Jewellery
 a - a ring of flight
Scrolls
 f - 2 scrolls of revelation {unknown}
 i - a scroll of identify {unknown}
 j - a scroll of fear {unknown}
 l - 2 scrolls of poison {unknown}
 m - 2 scrolls of teleportation {unknown}
 n - a scroll of vulnerability {unknown}
Potions
 d - a potion of magic
 e - a potion of lignification {unknown}
 g - a potion of berserk rage {unknown}
 h - a potion of might {unknown}
 k - a potion of ambrosia {unknown}
 p - 2 potions of brilliance {unknown}
 q - a potion of curing {unknown}


   Skills:
 - Level 1.0 Fighting
 - Level 1.0 Armour
 - Level 3.0 Dodging
 + Level 3.7 Stealth
 - Level 1.0 Shields
 * Level 7.4 Spellcasting
 + Level 3.5 Conjurations
 - Level 1.1 Summonings
 - Level 1.1 Translocations
 + Level 1.7 Air Magic


You had 2 spell levels left.
You knew the following spells:

 Your Spells              Type           Power      Damage    Failure   Level
a - Magic Dart            Conj           88%        1d7       1%          1
b - Mephitic Cloud        Conj/Pois/Air  15%        N/A       12%         3
c - Call Imp              Summ           24%        N/A       9%          2
d - Blink                 Tloc           24%        N/A       9%          2
e - Flame Wave            Conj/Fire      15%        2d7       38%         4
f - Freezing Cloud        Conj/Ice/Air   7%         6-21      75%         5

Your spell library contained the following spells:

 Spells                   Type           Power      Damage    Failure   Level
 Slow                     Hex            28%        N/A       9%          1
 Cigotuvi's Dreadful Rot  Necr/Pois/Air  20%        N/A       10%         2
 Scorch                   Fire           14%        2d5       13%         2
 Ignite Poison            Fire/Tmut/Pois 7%         N/A       26%         3
 Summon Cactus Giant      Summ           6%         N/A       100%        6


Dungeon Overview and Level Annotations

Branches:
Dungeon (4/15)
 Temple: D:4-7

Altars:

Shops:
D:3 (


Message History

The scorpion seems less confused.
The scorpion attacks as you move away! The scorpion completely misses you.
Casting: Blink (safe; 9% risk of failure)
Confirm with . or Enter, or press ? or * to list all spells.
The spell is quite dangerous to miscast (12% risk of failure)!
Continue anyway?
Aiming: Mephitic Cloud (quite dangerous; 12% risk of failure)
Press: ? - help, Shift-Dir - straight line, f - scorpion, p - phantom
Aim: a scorpion (lightly wounded, chance to affect: 81%) That beam is likely to hit you.
Continue anyway?
The ball explodes into a vile cloud!
The stinking cloud engulfs the scorpion but does no damage.
The scorpion is lightly wounded.
The stinking cloud engulfs the goblin but does no damage.
The stinking cloud engulfs you but does no damage.
You are engulfed in noxious fumes.
You choke on the stench!
You are confused.
The scorpion is engulfed in noxious fumes.
The scorpion appears confused.
The goblin is engulfed in noxious fumes.
The goblin appears confused.
You bump into the rock wall.
You are engulfed in noxious fumes.
You choke on the stench!
You are more confused.
The goblin is engulfed in noxious fumes.
The goblin appears confused.
Unknown command.
You bump into the rock wall.
You are engulfed in noxious fumes.
You choke on the stench!
You are more confused.
The goblin is engulfed in noxious fumes.
The goblin appears confused.
The goblin grins madly.
Unknown command.
You bump into the rock wall.
You are engulfed in noxious fumes.
You choke on the stench!
You are more confused.
The goblin is engulfed in noxious fumes.
The goblin appears confused.
The goblin barely misses the phantom.
The phantom hits you!
You die...

#.. #.. #.. #.. ### #####
...######## # ##....##
#........#######
#......#########..........
#.......W@..###..######...
.###.sg###..#..## ####
##$##.##$##.#.## #
#$.......(#...# #
##.....†.##.### ##
...#.......#..# #.
#...........## #. ..
##..#...#..## #.
#.####..#)).#..# #.


You could see a phantom, a scorpion (confused) and a goblin (confused).

Vanquished Creatures
  A hornet (D:4)
  A jelly (D:4)
  Natasha (thrice) (D:2)
  5 adders
  3 dart slugs
  2 orcs (D:4)
  11 bats
  4 endoplasms
  2 giant cockroaches
  8 goblins
  8 hobgoblins
  11 jackals
  2 quokkas
  10 ball pythons
  6 frilled lizards
  6 kobolds
  5 rats
88 creatures vanquished.

Notes
Turn   | Place    | Note
-------+----------+-------------------------------------------
     0 | D:1      | pokeman the Deep Elf Hedge Wizard began the quest for the
                  | Orb.
     0 | D:1      | Reached XP level 1. HP: 10/10 MP: 7/7
   237 | D:1      | Reached XP level 2. HP: 4/15 MP: 4/9
   674 | D:1      | Reached skill level 5 in Spellcasting
   815 | D:1      | Reached XP level 3. HP: 20/20 MP: 0/11
   819 | D:1      | Learned a level 3 spell: Mephitic Cloud
   822 | D:1      | Learned a level 2 spell: Call Imp
   825 | D:1      | Learned a level 2 spell: Blink
  1619 | D:2      | Reached skill level 1 in Armour
  1732 | D:2      | Reached skill level 1 in Fighting
  1846 | D:2      | Noticed Natasha
  1851 | D:2      | Killed Natasha
  1852 | D:2      | Reached XP level 4. HP: 24/25 MP: 8/13
  2504 | D:2      | Noticed Natasha
  2515 | D:2      | Killed Natasha
  2516 | D:2      | Reached skill level 6 in Spellcasting
  2516 | D:2      | Reached XP level 5. HP: 29/29 MP: 6/15
  2595 | D:2      | Noticed Natasha
  2610 | D:2      | Killed Natasha
  3065 | D:3      | Reached skill level 1 in Shields
  3125 | D:3      | Learned a level 4 spell: Flame Wave
  3711 | D:3      | Found Yhidyre's Weapon Boutique.
  4253 | D:4      | Noticed a hornet
  4269 | D:4      | Killed a hornet
  4270 | D:4      | Reached skill level 7 in Spellcasting
  4270 | D:4      | Reached skill level 1 in Air Magic
  4270 | D:4      | Reached XP level 6. HP: 33/34 MP: 10/18
  4395 | D:4      | Learned a level 5 spell: Freezing Cloud
  4556 | D:4      | HP: 1/34 [goblin/+0 club (2)]
  4564 | D:4      | Slain by a phantom

Illustrated notes

Levels and vault maps discovered:
D:1:      roderic_dead_forest, layout_basic, minmay_split_cup_large
D:2:      layout_basic, kennysheep_boxes, uniq_natasha
D:3:      layout_loops_ring, serial_shops, nicolae_shop_real_fake_doors,
          nicolae_titane
D:4:      layout_cave_pods, minmay_three_crescents

Skill      XL: |  1  2  3  4  5 |
---------------+----------------+-----
Spellcasting   | 5 6 7 |  7.4
Armour         | 1 |  1.0
Fighting       | 1 |  1.0
Conjurations   | 2 3 |  3.5
Dodging        | 3 |  3.0
Shields        | 1 |  1.0
Stealth        | 3 |  3.7
Air Magic      | 1 |  1.7
Summonings     | |  1.1
Translocations | |  1.1

Action                     |  1- 3 |  4- 6 || total
---------------------------+-------+-------++-------
  Melee: Dagger            |    11 |    23 ||    34
         Punch             |     1 |     1 ||     2
   Cast: Magic Dart        |    90 |   121 ||   211
         Mephitic Cloud    |     1 |     6 ||     7
         Blink             |       |     1 ||     1
   Stab: Confused          |     2 |     4 ||     6
 Armour: Robe              |     6 |     4 ||    10
  Dodge: Dodged            |    16 |    31 ||    47

Table legend: (Time is in decaauts)
 A = Elapsed time spent in this place.
 B = Non-inter-level travel time spent in this place.
 C = Inter-level travel time spent in this place.
 D = Time resting spent in this place.
 E = Time spent auto-exploring this place.
 F = Levels seen in this place.
 G = Mean time per level.
                   A        B        C        D        E       F      G
               +--------+--------+--------+--------+--------+-----+--------+
         Total |   4586 |   4485 |    101 |      0 |   4018 |   4 | 1146.5 |
       Dungeon |   4586 |   4485 |    101 |      0 |   4018 |   4 | 1146.5 |
               +--------+--------+--------+--------+--------+-----+--------+

Top non-repeatable levels by time:
     D:2: 1523 daAuts
     D:1: 1435 daAuts
     D:3: 907 daAuts
     D:4: 720 daAuts
